 Dungeon Crawl Stone Soup version 0.28-a0-674-gdaf460b524 (webtiles) character file.

Game seed: 4252090960138503499

63 fomalhaut the Skirmisher (level 3, -2/29 HPs)
             Began as a Demonspawn Berserker on Oct 18, 2021.
             Was a Believer of Trog.
             Slain by a goblin (5 damage)
             ... led by Robin
             ... on level 2 of the Dungeon.
             The game lasted 00:02:20 (1293 turns).

fomalhaut the Skirmisher (Demonspawn Berserker)     Turns: 1293, Time: 00:02:21

Health: -2/29      AC:  3    Str: 17    XL:     3   Next: 89%
Magic:  3/3        EV: 12    Int:  8    God:    Trog [**....]
Gold:   41         SH:  0    Dex: 13    Spells: 2/2 levels left

rFire   . . .      SeeInvis .   a - +0 hand axe
rCold   . . .      Faith    .   (no shield)
rNeg    . . .      Spirit   .   b - +0 animal skin
rPois   .          Reflect  .   (no helmet)
rElec   .          Harm     .   (no cloak)
rCorr   .          Rampage  .   (no gloves)
Will    .....                   c - +0 pair of boots
Stlth   +.........              (no amulet)
HPRegen 0.09/turn               (no ring)
MPRegen 0.08/turn               (no ring)

@: on berserk cooldown, slowed, very slow
A: hooves 2
a: Renounce Religion, Berserk, Trog's Hand


You were on level 2 of the Dungeon.
You worshipped Trog.
Trog was pleased with you.
You visited 1 branch of the dungeon, and saw 2 of its levels.

You collected 41 gold pieces.

Inventory:

Hand Weapons
 a - a +0 hand axe (weapon)
Armour
 b - a +0 animal skin (worn)
 c - a +0 pair of boots (worn)
Scrolls
 f - a scroll of summoning {unknown}
 g - a scroll of identify {unknown}
 i - a scroll of silence {unknown}
 j - a scroll of magic mapping {unknown}
Potions
 d - a potion of cancellation {unknown}
 e - a potion of heal wounds {unknown}
 h - a potion of haste {unknown}


   Skills:
 + Level 3.5 Fighting
 + Level 3.2 Axes
 + Level 2.4 Armour
 + Level 2.4 Dodging


You had 2 spell levels left.
You didn't know any spells.
Your spell library was empty.

Dungeon Overview and Level Annotations

Branches:
Dungeon (2/15)

Altars:

Annotations:
D:2 Robin


Innate Abilities, Weirdness & Mutations

You have hoof-like feet.


Message History

You barely miss the goblin. You hit the goblin.
The goblin is heavily wounded.
You slash the goblin!
You kill the goblin!
Trog accepts your kill. The goblin misses you.
You barely miss the goblin.
The goblin is heavily wounded.
You slash the goblin!
You kill the goblin!
Trog accepts your kill.
You slash the hobgoblin!
You kill the hobgoblin!
Trog accepts your kill.
You completely miss the goblin.
You are no longer berserk.
You are exhausted.
You feel yourself slow down. The goblin barely misses you.
You hit the goblin.
The goblin is severely wounded.
The goblin hits you with a +0 club. Robin throws the goblin at you!
The goblin misses you. The goblin hits you with a +0 club.
* * * LOW HITPOINT WARNING * * *
You closely miss the goblin.
The goblin is severely wounded.
You hit the goblin.
You kill the goblin!
Trog accepts your kill. The goblin closely misses you.
Robin throws the goblin at you!
* * * LOW HITPOINT WARNING * * *
You barely miss the goblin.
The goblin is severely wounded.
The goblin no longer looks unusually strong.
The goblin hits you with a +0 club.
* * * LOW HITPOINT WARNING * * *
Robin roars a battlecry!
The goblin goes into a battle-frenzy!
The goblin hits you with a +0 club.
You die...

##.# #
#... (#
#.:# .#
#..#
##.># .g.
#)# #@# #
#g# .##
#.#
####....#
#.##.#
#....##.#
#.##.#
.#.......
..##.#
..# #..#
#.##.#
..# #..#
#.##.#
..## #..#
#.##.#


You could see Robin and a goblin (strong).

Vanquished Creatures
  Terence (D:2)
  A worm (D:2)
  4 ball pythons
  4 bats
  8 goblins (D:2)
  4 hobgoblins
  3 kobolds
  7 rats
32 creatures vanquished.

Notes
Turn   | Place    | Note
-------+----------+-------------------------------------------
     0 | D:1      | fomalhaut the Demonspawn Berserker began the quest for the
                  | Orb.
     0 | D:1      | Reached XP level 1. HP: 18/18 MP: 1/1
   177 | D:1      | Found a faded altar of an unknown god.
   325 | D:1      | Gained mutation: You have large cloven feet. [demonic
                  | ancestry]
   325 | D:1      | Reached XP level 2. HP: 20/24 MP: 2/2
   782 | D:2      | Noticed Terence
   795 | D:2      | Killed Terence
   796 | D:2      | Gained mutation: You have hoof-like feet. [demonic
                  | ancestry]
   796 | D:2      | Reached XP level 3. HP: 13/29 MP: 3/3
  1270 | D:2      | Noticed Robin
  1282 | D:2      | Reached ** piety under Trog
  1293 | D:2      | Slain by a goblin

Illustrated notes

Levels and vault maps discovered:
D:1:      nicolae_arrival_washed_ashore, layout_basic,
          shapermc_ecumenical_altar_notcrosses
D:2:      layout_loops_ring, kennysheep_generic_room_8, uniq_robin, uniq_terence

Skill      XL: |  1  2 |
---------------+-------+-----
Dodging        | 2 |  2.4
Armour         | 2 |  2.4
Axes           | 3 |  3.2
Fighting       | |  3.5

Action                   || total
-------------------------++-------
Melee: Hand axe          ||    84
Invok: Berserk           ||     2
Armor: Animal skin       ||    23
Dodge: Dodged            ||    44

Table legend: (Time is in decaauts)
 A = Elapsed time spent in this place.
 B = Non-inter-level travel time spent in this place.
 C = Inter-level travel time spent in this place.
 D = Time resting spent in this place.
 E = Time spent auto-exploring this place.
 F = Levels seen in this place.
 G = Mean time per level.
                   A        B        C        D        E       F      G
               +--------+--------+--------+--------+--------+-----+--------+
         Total |   1305 |   1263 |     42 |      0 |   1054 |   2 |  652.5 |
       Dungeon |   1305 |   1263 |     42 |      0 |   1054 |   2 |  652.5 |
               +--------+--------+--------+--------+--------+-----+--------+

Top non-repeatable levels by time:
     D:1: 700 daAuts
     D:2: 605 daAuts
